 Dungeon Crawl Stone Soup version 0.31.0-11-ge490571c62 (webtiles) character file.

Game seed: 3556156690101025814

46 qw the Shooter (level 3, 0/20 HPs)
             Began as a Deep Elf Hunter on Feb 3, 2024.
             Slain by an orc
             ... wielding a +0 morningstar
              (6 damage)
             ... on level 2 of the Dungeon.
             The game lasted 00:00:02 (783 turns).

qw the Shooter (Deep Elf Hunter)                     Turns: 783, Time: 00:00:03

Health: 0/20       AC:  6    Str: 10    XL:     3   Next: 46%
Magic:  5/5        EV:  9    Int: 13    God:
Gold:   151        SH:  0    Dex: 18    Spells: 2/2 levels left

rFire   . . .        a - +1 shortbow
rCold   . . .        (shield currently unavailable)
rNeg    . . .        m - +0 scale mail
rPois   .            (no helmet)
rElec   .            (no cloak)
rCorr   .            (no gloves)
SInv    .            (no boots)
Will    .....        (no amulet)
Stlth   +            (no ring)
HPRegen 0.23/turn    (no ring)
MPRegen 0.09/turn

%: no passive effects
@: no status effects
A: no striking features
a: no special abilities


You were on level 2 of the Dungeon.
You visited 1 branch of the dungeon, and saw 2 of its levels.

You collected 151 gold pieces.


   Skills:
 - Level 1.5 Fighting
 + Level 7.0 Ranged Weapons
 - Level 2.4 Dodging
 - Level 1.2 Stealth


You had 2 spell levels left.
You didn't know any spells.
Your spell library was empty.

Inventory:

Hand Weapons
 a - a +1 shortbow (weapon)
Armour
 m - a +0 scale mail (worn)
Scrolls
 b - 2 scrolls of identify
Potions
 h - a potion of mutation {unknown}
 j - a potion of curing {unknown}
 n - a potion of resistance {unknown}
 o - a potion of invisibility {unknown}

Dungeon Overview and Level Annotations

Branches:
Dungeon (2/15)

Altars:


Message History

The adder bites you but does no damage. The adder bites you.
715 ||| DRINKING potion of heal wounds.
You feel much better.
You feel sick. The adder bites you but does no damage.
You shoot an arrow. The arrow hits the adder.
You kill the adder!
You feel sick.
You have reached level 3!
Your experience leads to an increase in your attributes!
Increase (S)trength, (I)ntelligence, or (D)exterity?
You feel stronger. x2
You start resting.
You feel sick. x4
You are no longer poisoned.
HP restored.
Found 5 stones.
b - a scroll of identify
Found Great Wizards, Vol.
VII.
You now have 151 gold pieces (gained 7).
b - 2 scrolls of identify (gained 1)
An adder and an orc come into view.
The adder hisses angrily.
The orc shouts!
You shoot an arrow. The arrow closely misses the adder.
You shoot an arrow. The arrow hits the adder!
The adder is severely wounded.
You shoot an arrow. The arrow hits the adder!
You kill the adder!
Your Ranged Weapons skill increases to level 7!
You shoot an arrow. The arrow hits the orc.
The orc is moderately wounded.
The orc hits you with a +0 morningstar.
You shoot an arrow. The arrow hits the orc.
The orc is severely wounded.
You hear a shout!
The orc hits you with a +0 morningstar!
Ouch! That really hurt!
A hobgoblin comes into view.
You shoot an arrow. The arrow hits the orc.
The orc is almost dead.
The orc hits you with a +0 morningstar.
You die...

#. #.##.#..#.#.# #.
#.##......#.# ..
#.........#
#.####.###.#...#
#.#............#
#.#.##.........# #
#..............#
...g####.#....#.#...###
#..%.@..............#
.......o............#.#
.....##.............#.#
.#.. ..#...#....(..#.#
... ..........#.##.#.#
.. #........... ..... .
......###:## #.##.
##.#... .. ### . #.


You could see an orc and a hobgoblin.

Vanquished Creatures
  2 adders (D:2)
  A dart slug (D:1)
  3 ball pythons (D:1)
  An endoplasm (D:1)
  A giant cockroach (D:1)
  3 goblins (D:1)
  2 hobgoblins (D:1)
  3 kobolds (D:1)
  2 quokkas (D:1)
  3 bats
  4 rats (D:1)
25 creatures vanquished.

Notes
Turn   | Place    | Note
-------+----------+-------------------------------------------
     0 | D:1      | qw the Deep Elf Hunter began the quest for the Orb.
     0 | D:1      | Reached XP level 1. HP: 12/12 MP: 3/3
     0 | D:1      | 0 ||| qw: Version: 0.3-a-157-g843a77d
     0 | D:1      | 0 ||| qw: Game counter: 3663
     0 | D:1      | 0 ||| qw: Melee chars always use a shield: true
     0 | D:1      | 0 ||| qw: God list: Okawaru
     0 | D:1      | 0 ||| qw: Allow faded altars: false
     0 | D:1      | 0 ||| qw: Do Orc after clearing Dungeon:15 true
     0 | D:1      | 0 ||| qw: Do second Lair branch before Depths: true
     0 | D:1      | 0 ||| qw: Lair rune preference: random
     0 | D:1      | 0 ||| qw: Goals: Normal
     0 | D:1      | 0 ||| PLANNING D:1-11
    80 | D:1      | Reached skill level 6 in Ranged Weapons
    80 | D:1      | Reached XP level 2. HP: 16/16 MP: 4/4
   508 | D:1      | 508 ||| UPGRADING to +0 scale mail.
   518 | D:1      | 518 ||| DROPPING +0 leather armour.
   519 | D:1      | 519 ||| READING scroll labelled GOEPNA VUISAGG.
   519 | D:1      | 519 ||| ENCHANTING +0 shortbow.
   520 | D:1      | 520 ||| READING scroll labelled JUECISCHONG.
   520 | D:1      | 520 ||| IDENTIFYING red potion
   521 | D:1      | 521 ||| READING scroll labelled PANASA ZUEMEV.
   522 | D:1      | 522 ||| READING scroll labelled JOFUMNUFAN.
   623 | D:1      | 623 ||| READING scroll labelled COYNOTTANEC.
   655 | D:1      | 655 ||| READING scroll labelled SUGOCL LAMEQEU.
   659 | D:1      | 659 ||| READING scroll labelled HAKKOSTIQYPN.
   660 | D:1      | 660 ||| DROPPING scroll of butterflies.
   714 | D:2      | HP: 4/16 [adder (2)]
   715 | D:2      | 715 ||| DRINKING potion of heal wounds.
   717 | D:2      | Reached XP level 3. HP: 16/20 MP: 5/5
   781 | D:2      | Reached skill level 7 in Ranged Weapons
   783 | D:2      | Slain by an orc

Levels and vault maps discovered:
D:1:      dpeg_arrival_simpleton_b, layout_rooms, dk_noncrumbling_4,
          supply_closet_lemuel
D:2:      layout_basic, dreamdust_wishing_well, minmay_misc_feat_tower

Skill      XL: |  1  2  3 |
---------------+----------+-----
Ranged Weapons | 6 7 |  7.0
Fighting       | |  1.5
Dodging        | |  2.4
Stealth        | |  1.2

Action                     || total
---------------------------++-------
   Fire: Shortbow          ||    68
    Use: Scroll            ||     7
         Potion            ||     1
 Armour: Leather armour    ||    11
         Scale mail        ||    12
  Dodge: Dodged            ||    11

Table legend:
 A = Non-vault XP
 B = Vault XP
 C = Vault XP percentage of total XP
 D = Non-vault monster count
 E = Vault monster count
 F = Vault count percentage of total count
                 A         B        C        D         E       F
            +---------+---------+-------+---------+---------+-------
      Total |      67 |       0 |   0.0 |      25 |       0 |   0.0
            +---------+---------+-------+---------+---------+-------
        D:1 |      39 |       0 |   0.0 |      22 |       0 |   0.0
        D:2 |      28 |       0 |   0.0 |       3 |       0 |   0.0
            +---------+---------+-------+---------+---------+-------
